Workbook

Sheet Receipts and Payments
B1: CHACOMBE PARISH COUNCIL ACCOUNTS 2022/23
H2: RECEIPTS | T2: EXPENDITURE
A4: Trans No | B4: Date | C4: Chq No/BACS | D4: Receipt/Payee | E4: Inv No | F4: VAT No | G4: Details | H4: Misc | I4: Bank Interest | J4: VAT Refund | K4: Allotments | L4: Wayleave | M4: Precept | N4: Mowing Allowance | O4: Grant | P4: Bank | Q4: Gross | R4: Vat | S4: Net | T4: Lighting | U4: Lighting - Repairs & Maint | V4: Grass Cutting | W4: General Maintenance | X4: Dog Waste Bins | Y4: Clerk's Salary | Z4: Clerk's Expenses /Stationery | AA4: Chairman's Expenses | AB4: Training | AC4: Audit | AD4: Website | AE4: Information & Communication | AF4: Membership Fees | AG4: Insurance | AH4: Donations - Admin - S137 | AI4: Village Hall Hire | AJ4: Donations - Churchyard | AK4: Donations - Berry Close | AL4: Grass Cutting - Berry Close | AM4: Chacombe Chimes | AN4: Donations - Misc | AO4: Speed Reduction | AP4: Coronation Party
B5: 01.04.22 | D5: Opening balance | P5: 15721.23 | AQ5: =SUM(T5:AF5) -> 0 | AR5: =AQ5-S5 -> 0
A6: 1 | B6: 19.04.22 | C6: DD | D6: SWALEC | E6: 19 | F6: 553769603 | G6: Streetlighting 2 Mar to 1 Apr | P6: -30.84 | Q6: 30.84 | R6: 1.46 | S6: =Q6-R6 -> 29.38 | T6: 29.38 | AQ6: =SUM(T6:AP6) -> 29.38 | AR6: =AQ6-S6 -> 0 | AS6: =Q6-R6-S6 -> 0
A7: 2 | B7: 27.04.22 | C7: BACS | D7: Glasdon | E7: SI837058 | F7: 155847044 | G7: Enviropol Bins x 2 | P7: -1607.23 | Q7: 1607.23 | R7: 267.87 | S7: =Q7-R7 -> 1339.36 | W7: 1339.36 | AQ7: =SUM(T7:AP7) -> 1339.36 | AR7: =AQ7-S7 -> 0 | AS7: =Q7-R7-S7 -> 0
A8: 3 | B8: 27.04.22 | C8: BACS | D8: Chris Jarvis | G8: Removal and installation of 2 bins | P8: -120 | Q8: 120 | R8: 0 | S8: =Q8-R8 -> 120 | W8: 120 | AQ8: =SUM(T8:AP8) -> 120 | AR8: =AQ8-S8 -> 0 | AS8: =Q8-R8-S8 -> 0
A9: 4 | B9: 21.04.22 | C9: DD | D9: CPRE | G9: Annual subscription | P9: -36 | Q9: 36 | R9: 0 | S9: =Q9-R9 -> 36 | AF9: 36 | AQ9: =SUM(T9:AP9) -> 36 | AR9: =AQ9-S9 -> 0 | AS9: =Q9-R9-S9 -> 0
A10: 5 | B10: 27.04.22 | C10: BACS | D10: Kirsty Buttle | G10: Salary and allowance Apr | P10: -469.59 | Q10: 469.59 | R10: 0 | S10: =Q10-R10 -> 469.59 | Y10: =469.59-26 -> 443.59 | Z10: 26 | AQ10: =SUM(T10:AP10) -> 469.59 | AR10: =AQ10-S10 -> 0 | AS10: =Q10-R10-S10 -> 0
A11: 6 | B11: 27.04.22 | C11: BACS | D11: HMRC | G11: Tax Apr | P11: -1.4 | Q11: 1.4 | R11: 0 | S11: =Q11-R11 -> 1.4 | Y11: 1.4 | AQ11: =SUM(T11:AP11) -> 1.4 | AR11: =AQ11-S11 -> 0 | AS11: =Q11-R11-S11 -> 0
A12: 7 | B12: 28.04.22 | D12: HMRC | G12: VAT refund | J12: 1464.22 | P12: 1464.22 | AQ12: =SUM(T12:AP12) -> 0 | AR12: =AQ12-S12 -> 0 | AS12: =Q12-R12-S12 -> 0
A13: 8 | B13: 28.04.22 | D13: WNC | E13: Precept | G13: Precept | M13: 9000 | P13: 9000 | AQ13: =SUM(T13:AP13) -> 0 | AR13: =AQ13-S13 -> 0 | AS13: =Q13-R13-S13 -> 0
A14: 9 | B14: 18.05.22 | C14: DD | D14: SWALEC | G14: Streetlighting 2 Apr to 3 May | P14: -31.64 | Q14: 31.64 | R14: 1.49 | S14: =Q14-R14 -> 30.15 | T14: 30.15 | AQ14: =SUM(T14:AP14) -> 30.15 | AR14: =AQ14-S14 -> 0 | AS14: =Q14-R14-S14 -> 0
A15: 10 | B15: 30.05.22 | C15: BACS | D15: Kirsty Buttle | F15: 639237322 (£1.33) | G15: Reimbursement - One Drive, SIM, Stationery | P15: -21.53 | Q15: 21.53 | R15: 3.59 | S15: =Q15-R15 -> 17.94 | Z15: 17.94 | AQ15: =SUM(T15:AP15) -> 17.94 | AR15: =AQ15-S15 -> 0 | AS15: =Q15-R15-S15 -> 0
A16: 11 | B16: 30.05.22 | C16: BACS | D16: Andrew Taylor | G16: Reimbursement - APM refreshments | P16: -18.7 | Q16: 18.7 | R16: 3.11 | S16: =Q16-R16 -> 15.59 | AA16: 15.59 | AQ16: =SUM(T16:AP16) -> 15.59 | AR16: =AQ16-S16 -> 0 | AS16: =Q16-R16-S16 -> 0
A17: 12 | B17: 30.05.22 | C17: BACS | D17: Chris Jarvis | E17: Bench 1 | G17: Fitting of bench | P17: -110 | Q17: 110 | R17: 0 | S17: =Q17-R17 -> 110 | W17: 110 | AQ17: =SUM(T17:AP17) -> 110 | AR17: =AQ17-S17 -> 0 | AS17: =Q17-R17-S17 -> 0
A18: 13 | B18: 30.05.22 | C18: BACS | D18: Kirsty Buttle | G18: Salary and office May | P18: -469.39 | Q18: 469.39 | R18: 0 | S18: =Q18-R18 -> 469.39 | Y18: 443.39 | Z18: 26 | AQ18: =SUM(T18:AP18) -> 469.39 | AR18: =AQ18-S18 -> 0 | AS18: =Q18-R18-S18 -> 0
A19: 14 | B19: 30.05.22 | C19: BACS | D19: HMRC | G19: Tax May | P19: -1.6 | Q19: 1.6 | R19: 0 | S19: =Q19-R19 -> 1.6 | Y19: 1.6 | AQ19: =SUM(T19:AP19) -> 1.6 | AR19: =AQ19-S19 -> 0 | AS19: =Q19-R19-S19 -> 0
A20: 15 | B20: 30.05.22 | C20: BACS | D20: Glasdon | E20: SI839125 | F20: 155847044 | G20: Phoenix Jubilee Seat | P20: -1216.64 | Q20: 1216.64 | R20: 202.77 | S20: =Q20-R20 -> 1013.87 | W20: 1013.87 | AQ20: =SUM(T20:AP20) -> 1013.87 | AR20: =AQ20-S20 -> 0 | AS20: =Q20-R20-S20 -> 0
A21: 16 | B21: 06.06.22 | C21: BACS | D21: Gallagher | E21: 515474030 | G21: Berry Close Insurance | P21: -380.75 | Q21: 380.75 | R21: 0 | S21: =Q21-R21 -> 380.75 | AK21: 380.75 | AQ21: =SUM(T21:AP21) -> 380.75 | AR21: =AQ21-S21 -> 0 | AS21: =Q21-R21-S21 -> 0
A22: 17 | B22: 30.05.22 | C22: BACS | D22: BHIB | G22: Parish Insurance - 3 year agreement | P22: -421.92 | Q22: 421.92 | R22: 0 | S22: =Q22-R22 -> 421.92 | AG22: 421.92 | AQ22: =SUM(T22:AP22) -> 421.92 | AR22: =AQ22-S22 -> 0 | AS22: =Q22-R22-S22 -> 0
A23: 18 | B23: 07.06.22 | D23: National Lottery Fund | G23: Grant re defibrillator | O23: 2270 | P23: 2270 | AQ23: =SUM(T23:AP23) -> 0 | AR23: =AQ23-S23 -> 0 | AS23: =Q23-R23-S23 -> 0
A24: 19 | B24: 09.06.22 | C24: DD | D24: ICO | G24: Data Protection Fee | P24: -35 | Q24: 35 | R24: 0 | S24: =Q24-R24 -> 35 | AF24: 35 | AQ24: =SUM(T24:AP24) -> 35 | AR24: =AQ24-S24 -> 0 | AS24: =Q24-R24-S24 -> 0
A25: 20 | B25: 09.06.22 | C25: BACS | D25: Chacombe Village Hall | E25: 2022-05 | G25: Hall hire Oct 21 to May 22 | P25: -96 | Q25: 96 | R25: 0 | S25: =Q25-R25 -> 96 | AI25: 96 | AQ25: =SUM(T25:AP25) -> 96 | AR25: =AQ25-S25 -> 0 | AS25: =Q25-R25-S25 -> 0
A26: 21 | B26: 09.06.22 | C26: BACS | D26: Complete Ground Management Ltd | E26: 7633 | F26: 119495544 | G26: Grass cutting 30th and 31st May | P26: -240 | Q26: 240 | R26: 40 | S26: =Q26-R26 -> 200 | V26: 130 | AL26: 70 | AQ26: =SUM(T26:AP26) -> 200 | AR26: =AQ26-S26 -> 0 | AS26: =Q26-R26-S26 -> 0
A27: 22 | B27: 09.06.22 | C27: BACS | D27: Kirsty Buttle | G27: Salary and office June | P27: -469.59 | Q27: 469.59 | R27: 0 | S27: =Q27-R27 -> 469.59 | Y27: =469.59-26 -> 443.59 | Z27: 26 | AQ27: =SUM(T27:AP27) -> 469.59 | AR27: =AQ27-S27 -> 0 | AS27: =Q27-R27-S27 -> 0
A28: 23 | B28: 09.06.22 | C28: BACS | D28: HMRC | G28: Tax June | P28: -1.4 | Q28: 1.4 | R28: 0 | S28: =Q28-R28 -> 1.4 | Y28: 1.4 | AQ28: =SUM(T28:AP28) -> 1.4 | AR28: =AQ28-S28 -> 0 | AS28: =Q28-R28-S28 -> 0
A29: 24 | B29: 16.06.22 | C29: DD | D29: SWALEC | E29: 0021 | F29: 553769603 | G29: Streetlighting 4 May to 1 Jun | P29: -29.27 | Q29: 29.27 | R29: 1.39 | S29: =Q29-R29 -> 27.88 | T29: 27.88 | AQ29: =SUM(T29:AP29) -> 27.88 | AR29: =AQ29-S29 -> 0 | AS29: =Q29-R29-S29 -> 0
A30: 25 | B30: 01.08.22 | C30: BACS | D30: NCALC | E30: INV-1903 | F30: 414891094 | G30: Annual subscription, Internal audit and DPO | P30: -578.09 | Q30: 578.09 | R30: 40 | S30: =Q30-R30 -> 538.09 | AC30: 190 | AF30: =538.09-190 -> 348.09 | AQ30: =SUM(T30:AP30) -> 538.09 | AR30: =AQ30-S30 -> 0 | AS30: =Q30-R30-S30 -> 0
A31: 26 | B31: 30.06.22 | D31: Unity Bank | G31: Bank charges | P31: -18 | Q31: 18 | R31: 0 | S31: =Q31-R31 -> 18 | AF31: 18 | AQ31: =SUM(T31:AP31) -> 18 | AR31: =AQ31-S31 -> 0 | AS31: =Q31-R31-S31 -> 0
A32: 27 | B32: 01.08.22 | C32: BACS | D32: SNAST | G32: Neighbourhood watch | P32: -25 | Q32: 25 | R32: 0 | S32: =Q32-R32 -> 25 | AF32: 25 | AQ32: =SUM(T32:AP32) -> 25 | AR32: =AQ32-S32 -> 0 | AS32: =Q32-R32-S32 -> 0
A33: 28 | B33: 01.08.22 | C33: BACS | D33: Complete Ground Management Ltd | E33: 7716 | F33: 119495544 | G33: Grass cutting 14th and 30th June | P33: -396 | Q33: 396 | R33: 66 | S33: =Q33-R33 -> 330 | V33: 260 | AL33: 70 | AQ33: =SUM(T33:AP33) -> 330 | AR33: =AQ33-S33 -> 0 | AS33: =Q33-R33-S33 -> 0
A34: 29 | B34: 18.07.22 | C34: DD | D34: SWALEC | E34: 0022 | F34: 553769603 | G34: Streetlighting 2 Jun to 1 Jul | P34: -30.06 | Q34: 30.06 | R34: 1.43 | S34: =Q34-R34 -> 28.63 | T34: 28.63 | AQ34: =SUM(T34:AP34) -> 28.63 | AR34: =AQ34-S34 -> 0 | AS34: =Q34-R34-S34 -> 0
A35: 30 | B35: 19.07.22 | D35: Western Power | G35: Wayleave | L35: 59.39 | P35: 59.39 | AQ35: =SUM(T35:AP35) -> 0 | AR35: =AQ35-S35 -> 0 | AS35: =Q35-R35-S35 -> 0
A36: 31 | B36: 19.07.22 | C36: BACS | D36: Normanton Screenprint | E36: 13181 | F36: 289199293 | G36: Cut out cop x 2 | P36: -172.74 | Q36: 172.74 | R36: 28.79 | S36: =Q36-R36 -> 143.95 | AO36: 143.95 | AQ36: =SUM(T36:AP36) -> 143.95 | AR36: =AQ36-S36 -> 0 | AS36: =Q36-R36-S36 -> 0
A37: 32 | B37: 01.08.22 | C37: BACS | D37: Kirsty Buttle | G37: Salary and office July | P37: -469.39 | Q37: 469.39 | R37: 0 | S37: =Q37-R37 -> 469.39 | Y37: =469.39-26 -> 443.39 | Z37: 26 | AQ37: =SUM(T37:AP37) -> 469.39 | AR37: =AQ37-S37 -> 0 | AS37: =Q37-R37-S37 -> 0
A38: 33 | B38: 01.08.22 | C38: BACS | D38: HMRC | G38: Tax July | P38: -1.6 | Q38: 1.6 | R38: 0 | S38: =Q38-R38 -> 1.6 | Y38: 1.6 | AQ38: =SUM(T38:AP38) -> 1.6 | AR38: =AQ38-S38 -> 0 | AS38: =Q38-R38-S38 -> 0
A39: 34 | B39: 01.08.22 | C39: BACS | D39: Kirsty Buttle | G39: Reimbursement - Gloves, bin bags, stationery | P39: -12.88 | Q39: 12.88 | R39: 2.15 | S39: =Q39-R39 -> 10.73 | W39: =8.25 -> 8.25 | Z39: =0.82+1.66 -> 2.48 | AQ39: =SUM(T39:AP39) -> 10.73 | AR39: =AQ39-S39 -> 0 | AS39: =Q39-R39-S39 -> 0
A40: 35 | B40: 01.08.22 | C40: BACS | D40: PKF Littlejohn | E40: SB20220278 | F40: 440498250 | G40: Annual external audit | P40: -240 | Q40: 240 | R40: 40 | S40: =Q40-R40 -> 200 | AC40: 200 | AQ40: =SUM(T40:AP40) -> 200 | AR40: =AQ40-S40 -> 0 | AS40: =Q40-R40-S40 -> 0
A41: 36 | B41: 16.08.22 | C41: DD | D41: SWALEC | E41: 0023 | F41: 553769603 | G41: Streetlighting 2 Jul to 1 Aug 22 | P41: -30.84 | Q41: 30.84 | R41: 1.46 | S41: =Q41-R41 -> 29.38 | T41: 29.38 | AQ41: =SUM(T41:AP41) -> 29.38 | AR41: =AQ41-S41 -> 0 | AS41: =Q41-R41-S41 -> 0
A42: 37 | B42: 18.08.22 | C42: BACS | D42: Complete Ground Management Ltd | E42: 7786 | F42: 119495544 | G42: Grass cutting 1st and 11th Jul | P42: -240 | Q42: 240 | R42: 40 | S42: =Q42-R42 -> 200 | V42: 130 | AL42: 70 | AQ42: =SUM(T42:AP42) -> 200 | AR42: =AQ42-S42 -> 0 | AS42: =Q42-R42-S42 -> 0
A43: 38 | B43: 18.08.22 | C43: BACS | D43: Sibford Ferris Parish Council | G43: Contribution to Clerk's glasses | P43: -34.07 | Q43: 34.07 | R43: 0 | S43: =Q43-R43 -> 34.07 | Z43: 34.07 | AQ43: =SUM(T43:AP43) -> 34.07 | AR43: =AQ43-S43 -> 0 | AS43: =Q43-R43-S43 -> 0
A44: 39 | B44: 18.08.22 | C44: BACS | D44: Kirsty Buttle | G44: Salary and office August | P44: -469.59 | Q44: 469.59 | R44: 0 | S44: =Q44-R44 -> 469.59 | Y44: =469.59-26 -> 443.59 | Z44: 26 | AQ44: =SUM(T44:AP44) -> 469.59 | AR44: =AQ44-S44 -> 0 | AS44: =Q44-R44-S44 -> 0
A45: 40 | B45: 18.08.22 | C45: BACS | D45: HMRC | G45: Tax August | P45: -1.4 | Q45: 1.4 | R45: 0 | S45: =Q45-R45 -> 1.4 | Y45: 1.4 | AQ45: =SUM(T45:AP45) -> 1.4 | AR45: =AQ45-S45 -> 0 | AS45: =Q45-R45-S45 -> 0
A46: 41 | B46: 16.09.22 | C46: DD | D46: SWALEC | E46: 0024 | F46: 553769603 | G46: Streetlighting 2 Aug to 1 Sep | P46: -30.84 | Q46: 30.84 | R46: 1.46 | S46: =Q46-R46 -> 29.38 | T46: 29.38 | AQ46: =SUM(T46:AP46) -> 29.38 | AR46: =AQ46-S46 -> 0 | AS46: =Q46-R46-S46 -> 0
A47: 42 | B47: 21.09.22 | C47: BACS | D47: Western Power Distribution | F47: 664361920 | G47: New defib electrical supply | P47: -700.87 | Q47: 700.87 | R47: 116.81 | S47: =Q47-R47 -> 584.06 | AH47: 584.06 | AQ47: =SUM(T47:AP47) -> 584.06 | AR47: =AQ47-S47 -> 0 | AS47: =Q47-R47-S47 -> 0
A48: 43 | B48: 28.09.22 | C48: BACS | D48: Complete Ground Management Ltd | E48: 7855 | F48: 119495544 | G48: Grass cutting 9th, 22nd Aug, Field cutting 4th, 22nd Aug | P48: -480 | Q48: 480 | R48: 80 | S48: =Q48-R48 -> 400 | V48: 260 | AL48: 140 | AQ48: =SUM(T48:AP48) -> 400 | AR48: =AQ48-S48 -> 0 | AS48: =Q48-R48-S48 -> 0
A49: 44 | B49: 28.09.22 | C49: BACS | D49: Kirsty Buttle | G49: Salary and office September | P49: -469.59 | Q49: 469.59 | R49: 0 | S49: =Q49-R49 -> 469.59 | Y49: 443.59 | Z49: 26 | AQ49: =SUM(T49:AP49) -> 469.59 | AR49: =AQ49-S49 -> 0 | AS49: =Q49-R49-S49 -> 0
A50: 45 | B50: 28.09.22 | C50: BACS | D50: HMRC | G50: Tax September | P50: -1.4 | Q50: 1.4 | R50: 0 | S50: =Q50-R50 -> 1.4 | Y50: 1.4 | AQ50: =SUM(T50:AP50) -> 1.4 | AR50: =AQ50-S50 -> 0 | AS50: =Q50-R50-S50 -> 0
A51: 46 | B51: 29.09.22 | D51: West Northants Council | E51: Precept | G51: Precept | M51: 9000 | P51: 9000 | AQ51: =SUM(T51:AP51) -> 0 | AR51: =AQ51-S51 -> 0 | AS51: =Q51-R51-S51 -> 0
A52: 47 | B52: 30.09.22 | C52: DD | D52: Unity Bank | G52: Bank charges | P52: -18 | Q52: 18 | R52: 0 | S52: =Q52-R52 -> 18 | AF52: 18 | AQ52: =SUM(T52:AP52) -> 18 | AR52: =AQ52-S52 -> 0 | AS52: =Q52-R52-S52 -> 0
A53: 48 | B53: 18.10.22 | C53: DD | D53: SWALEC | E53: 0025 | F53: 553769603 | G53: Streetlighting 2 Sep to 3 Oct | P53: -31.64 | Q53: 31.64 | R53: 1.49 | S53: =Q53-R53 -> 30.15 | T53: 30.15 | AQ53: =SUM(T53:AP53) -> 30.15 | AR53: =AQ53-S53 -> 0 | AS53: =Q53-R53-S53 -> 0
A54: 49 | B54: 28.10.22 | C54: BACS | D54: Royal British Legion | G54: Donation re Poppy Wreath | P54: -50 | Q54: 50 | R54: 0 | S54: =Q54-R54 -> 50 | AH54: 50 | AQ54: =SUM(T54:AP54) -> 50 | AR54: =AQ54-S54 -> 0 | AS54: =Q54-R54-S54 -> 0
A55: 50 | B55: 28.10.22 | C55: BACS | D55: Complete Ground Management Ltd | E55: 7941 | F55: 119495544 | G55: Grass cutting 9th and 20th Sep | P55: -480 | Q55: 480 | R55: 80 | S55: =Q55-R55 -> 400 | V55: 260 | AL55: 140 | AQ55: =SUM(T55:AP55) -> 400 | AR55: =AQ55-S55 -> 0 | AS55: =Q55-R55-S55 -> 0
A56: 51 | B56: 28.10.22 | C56: BACS | D56: Kirsty Buttle | G56: Salary and office October | P56: -469.39 | Q56: 469.39 | R56: 0 | S56: =Q56-R56 -> 469.39 | Y56: =469.39-26 -> 443.39 | Z56: 26 | AQ56: =SUM(T56:AP56) -> 469.39 | AR56: =AQ56-S56 -> 0 | AS56: =Q56-R56-S56 -> 0
A57: 52 | B57: 28.10.22 | C57: BACS | D57: HMRC | G57: Tax October | P57: -1.6 | Q57: 1.6 | R57: 0 | S57: =Q57-R57 -> 1.6 | Y57: 1.6 | AQ57: =SUM(T57:AP57) -> 1.6 | AR57: =AQ57-S57 -> 0 | AS57: =Q57-R57-S57 -> 0
A58: 53 | B58: 01.11.22 | C58: BACS | D58: Chris Jarvis | G58: Removal and reinstallation of bin | P58: -120 | Q58: 120 | R58: 0 | S58: =Q58-R58 -> 120 | W58: 120 | AQ58: =SUM(T58:AP58) -> 120 | AR58: =AQ58-S58 -> 0 | AS58: =Q58-R58-S58 -> 0
A59: 54 | B59: 01.11.22 | C59: BACS | D59: Kirsty Buttle | G59: Expenses October | P59: -23.94 | Q59: 23.94 | R59: 0 | S59: =Q59-R59 -> 23.94 | Z59: 23.94 | AQ59: =SUM(T59:AP59) -> 23.94 | AR59: =AQ59-S59 -> 0 | AS59: =Q59-R59-S59 -> 0
A60: 55 | B60: 16.11.22 | C60: DD | D60: SWALEC | E60: 0026 | F60: 553769603 | G60: Streetlighting 4 Oct to 1 Nov | P60: -29.27 | Q60: 29.27 | R60: 1.39 | S60: =Q60-R60 -> 27.88 | T60: 27.88 | AQ60: =SUM(T60:AP60) -> 27.88 | AR60: =AQ60-S60 -> 0 | AS60: =Q60-R60-S60 -> 0
A61: 56 | B61: 28.11.22 | C61: BACS | D61: Complete Ground Management Ltd | E61: 8018 | F61: 119495544 | G61: Grass cutting 12th October | P61: -240 | Q61: 240 | R61: 40 | S61: =Q61-R61 -> 200 | V61: 200 | AQ61: =SUM(T61:AP61) -> 200 | AR61: =AQ61-S61 -> 0 | AS61: =Q61-R61-S61 -> 0
A62: 57 | B62: 28.11.22 | C62: BACS | D62: Kirsty Buttle | F62: 376451182 | G62: Salary, office, and expenses | P62: -747.23 | Q62: 747.23 | R62: 8 | S62: =Q62-R62 -> 739.23 | Y62: =699.24-26 -> 673.24 | Z62: 26 | AD62: 39.99 | AQ62: =SUM(T62:AP62) -> 739.23 | AR62: =AQ62-S62 -> 0 | AS62: =Q62-R62-S62 -> 0
A63: 58 | B63: 28.11.22 | C63: BACS | D63: HMRC | G63: Tax November | P63: -59 | Q63: 59 | R63: 0 | S63: =Q63-R63 -> 59 | Y63: 59 | AQ63: =SUM(T63:AP63) -> 59 | AR63: =AQ63-S63 -> 0 | AS63: =Q63-R63-S63 -> 0
A64: 59 | B64: 19.12.22 | C64: BACS | D64: NCALC | E64: INV-2376 | F64: 414891094 | G64: VAT recovery | P64: -81 | Q64: 0 | R64: 81 | S64: 0 | AQ64: =SUM(T64:AP64) -> 0 | AR64: =AQ64-S64 -> 0 | AS64: =Q64-R64-S64 -> -81
A65: 60 | B65: 16.12.22 | C65: DD | D65: SWALEC | E65: 0027 | F65: 553769603 | G65: Streetlighting 2 Nov to 1 Dec | P65: -30.06 | Q65: 30.06 | R65: 1.43 | S65: =Q65-R65 -> 28.63 | T65: 28.63 | AQ65: =SUM(T65:AP65) -> 28.63 | AR65: =AQ65-S65 -> 0 | AS65: =Q65-R65-S65 -> 0
A66: 61 | B66: 19.12.22 | C66: BACS | D66: Kirsty Buttle | E66: 34674 | F66: 151455525 | G66: Post for defibrillator | P66: -311.39 | Q66: 311.39 | R66: 51.9 | S66: =Q66-R66 -> 259.49 | AH66: 259.49 | AQ66: =SUM(T66:AP66) -> 259.49 | AR66: =AQ66-S66 -> 0 | AS66: =Q66-R66-S66 -> 0
A67: 62 | B67: 19.12.22 | C67: BACS | D67: Kirsty Buttle | G67: Salary and office Dec | P67: -505.59 | Q67: 505.59 | R67: 0 | S67: =Q67-R67 -> 505.59 | Y67: =505.59-26 -> 479.59 | Z67: 26 | AQ67: =SUM(T67:AP67) -> 505.59 | AR67: =AQ67-S67 -> 0 | AS67: =Q67-R67-S67 -> 0
A68: 63 | B68: 19.12.22 | C68: BACS | D68: HMRC | G68: Tax Dec | P68: -10.6 | Q68: 10.6 | R68: 0 | S68: =Q68-R68 -> 10.6 | Y68: 10.6 | AQ68: =SUM(T68:AP68) -> 10.6 | AR68: =AQ68-S68 -> 0 | AS68: =Q68-R68-S68 -> 0
A69: 64 | B69: 31.12.22 | D69: Unity Bank | E69: Interest | G69: Interest | I69: 34.12 | P69: 34.12 | AQ69: =SUM(T69:AP69) -> 0 | AR69: =AQ69-S69 -> 0 | AS69: =Q69-R69-S69 -> 0
A70: 65 | B70: 31.12.22 | C70: DD | D70: Unity Bank | G70: Bank charges | P70: -18 | Q70: 18 | R70: 0 | S70: =Q70-R70 -> 18 | AF70: 18 | AQ70: =SUM(T70:AP70) -> 18 | AR70: =AQ70-S70 -> 0 | AS70: =Q70-R70-S70 -> 0
A71: 66 | B71: 26.01.23 | D71: Chacombe Village Hall | E71: 2022-16 | G71: Hall hire June 2022 to Dec 2022 | P71: -47 | Q71: 47 | R71: 0 | S71: =Q71-R71 -> 47 | AI71: 47 | AQ71: =SUM(T71:AP71) -> 47 | AR71: =AQ71-S71 -> 0 | AS71: =Q71-R71-S71 -> 0
A72: 67 | B72: 18.01.23 | C72: DD | D72: SWALEC | E72: 0028 | F72: 553769603 | G72: Streetlighting 2 Dec to 3 Jan 2023 | P72: -32.43 | Q72: 32.43 | R72: 1.53 | S72: =Q72-R72 -> 30.9 | T72: 30.9 | AQ72: =SUM(T72:AP72) -> 30.9 | AR72: =AQ72-S72 -> 0 | AS72: =Q72-R72-S72 -> 0
A73: 68 | B73: 26.01.23 | C73: BACS | D73: Chris Jarvis | G73: Install defib post | P73: -105 | Q73: 105 | R73: 0 | S73: =Q73-R73 -> 105 | AH73: 105 | AQ73: =SUM(T73:AP73) -> 105 | AR73: =AQ73-S73 -> 0 | AS73: =Q73-R73-S73 -> 0
A74: 69 | B74: 26.01.23 | C74: BACS | D74: Chacombe Sports & Social Club | G74: Christmas Tree | P74: -50 | Q74: 50 | R74: 0 | S74: =Q74-R74 -> 50 | AN74: 50 | AQ74: =SUM(T74:AP74) -> 50 | AR74: =AQ74-S74 -> 0 | AS74: =Q74-R74-S74 -> 0
A75: 70 | B75: 26.01.23 | C75: BACS | D75: Marcus Young Environmental Services | E75: 4023 | F75: 650673044 | G75: Annual dog bin emptying 1 Apr 22 to 31 Mar 23 | P75: -1528.8 | Q75: 1528.8 | R75: 254.8 | S75: =Q75-R75 -> 1274 | X75: 1274 | AQ75: =SUM(T75:AP75) -> 1274 | AR75: =AQ75-S75 -> 0 | AS75: =Q75-R75-S75 -> 0
A76: 71 | B76: 26.01.23 | C76: BACS | D76: Kirsty Buttle | G76: Salary and office January | P76: -505.79 | Q76: 505.79 | R76: 0 | S76: =Q76-R76 -> 505.79 | Y76: =505.79-26 -> 479.79 | Z76: 26 | AQ76: =SUM(T76:AP76) -> 505.79 | AR76: =AQ76-S76 -> 0 | AS76: =Q76-R76-S76 -> 0
A77: 72 | B77: 26.01.23 | C77: BACS | D77: HMRC | G77: Tax January | P77: -10.4 | Q77: 10.4 | R77: 0 | S77: =Q77-R77 -> 10.4 | Y77: 10.4 | AQ77: =SUM(T77:AP77) -> 10.4 | AR77: =AQ77-S77 -> 0 | AS77: =Q77-R77-S77 -> 0
A78: 73 | B78: 26.01.23 | C78: BACS | D78: Kirsty Buttle | F78: 639237322 (£1.33) | G78: Expenses - SIM and Cloud storage | P78: -14.99 | Q78: 14.99 | R78: 2.5 | S78: =Q78-R78 -> 12.49 | Z78: 12.49 | AQ78: =SUM(T78:AP78) -> 12.49 | AR78: =AQ78-S78 -> 0 | AS78: =Q78-R78-S78 -> 0
A79: 74 | B79: 31.01.23 | D79: Chacombe Allotment Association | G79: Annual rent | K79: 50 | P79: 50 | AQ79: =SUM(T79:AP79) -> 0 | AR79: =AQ79-S79 -> 0 | AS79: =Q79-R79-S79 -> 0
A80: 75 | B80: 23.02.23 | C80: BACS | D80: Chacombe Allotment Association | G80: Repairs to gate | P80: -187.55 | Q80: 187.55 | R80: 0 | S80: =Q80-R80 -> 187.55 | X80: 187.55 | AQ80: =SUM(T80:AP80) -> 187.55 | AR80: =AQ80-S80 -> 0 | AS80: =Q80-R80-S80 -> 0
A81: 76 | B81: 16.02.23 | C81: DD | D81: SWALEC | E81: 0029 | F81: 553769603 | G81: Streetlighting 4 Jan to 1 Feb 2023 | P81: -29.27 | Q81: 29.27 | R81: 1.39 | S81: =Q81-R81 -> 27.88 | T81: 27.88 | AQ81: =SUM(T81:AP81) -> 27.88 | AR81: =AQ81-S81 -> 0 | AS81: =Q81-R81-S81 -> 0
A82: 77 | B82: 23.02.23 | C82: BACS | D82: Kirsty Buttle | E82: 26006 | F82: 211502667 | G82: Defibrillator and mount | P82: -1432.8 | Q82: 1432.8 | R82: 238.8 | S82: =Q82-R82 -> 1194 | AH82: 1194 | AQ82: =SUM(T82:AP82) -> 1194 | AR82: =AQ82-S82 -> 0 | AS82: =Q82-R82-S82 -> 0
A83: 78 | B83: 23.02.23 | C83: BACS | D83: Kirsty Buttle | G83: Salary and office February | P83: -505.59 | Q83: 505.59 | R83: 0 | S83: =Q83-R83 -> 505.59 | Y83: =505.59-26 -> 479.59 | Z83: 26 | AQ83: =SUM(T83:AP83) -> 505.59 | AR83: =AQ83-S83 -> 0 | AS83: =Q83-R83-S83 -> 0
A84: 79 | B84: 23.02.23 | C84: BACS | D84: HMRC | G84: Tax February | P84: -10.6 | Q84: 10.6 | R84: 0 | S84: =Q84-R84 -> 10.6 | Y84: 10.6 | AQ84: =SUM(T84:AP84) -> 10.6 | AR84: =AQ84-S84 -> 0 | AS84: =Q84-R84-S84 -> 0
A85: 80 | B85: 22.03.23 | C85: BACS | D85: Andrew Taylor | G85: Bin bags | P85: -10 | Q85: 10 | R85: 1.66 | S85: =Q85-R85 -> 8.34 | W85: 8.34 | AQ85: =SUM(T85:AP85) -> 8.34 | AR85: =AQ85-S85 -> 0 | AS85: =Q85-R85-S85 -> 0
A86: 81 | B86: 22.03.23 | C86: BACS | D86: Chacombe Chimes | G86: Annual donation | P86: -935 | Q86: 935 | R86: 0 | S86: =Q86-R86 -> 935 | AM86: 935 | AQ86: =SUM(T86:AP86) -> 935 | AR86: =AQ86-S86 -> 0 | AS86: =Q86-R86-S86 -> 0
A87: 82 | B87: 22.03.23 | C87: BACS | D87: Kirsty Buttle | G87: Salary and office March | P87: -505.59 | Q87: 505.59 | R87: 0 | S87: =Q87-R87 -> 505.59 | Y87: =505.59-26 -> 479.59 | Z87: 26 | AQ87: =SUM(T87:AP87) -> 505.59 | AR87: =AQ87-S87 -> 0 | AS87: =Q87-R87-S87 -> 0
A88: 83 | B88: 22.03.23 | C88: BACS | D88: HMRC | G88: Tax March | P88: -10.6 | Q88: 10.6 | R88: 0 | S88: =Q88-R88 -> 10.6 | Y88: 10.6 | AQ88: =SUM(T88:AP88) -> 10.6 | AR88: =AQ88-S88 -> 0 | AS88: =Q88-R88-S88 -> 0
A89: 84 | B89: 16.03.23 | C89: DD | D89: SWALEC | E89: 0030 | F89: 553769603 | G89: Streetlighting 2 Feb to 1 Mar | P89: -28.46 | Q89: 28.46 | R89: 1.35 | S89: =Q89-R89 -> 27.11 | T89: 27.11 | AQ89: =SUM(T89:AP89) -> 27.11 | AR89: =AQ89-S89 -> 0 | AS89: =Q89-R89-S89 -> 0
A90: 85 | B90: 22.03.23 | C90: BACS | D90: Kirsty Buttle | F90: 892232909 | G90: Mobile phone share | P90: -12.5 | Q90: 12.5 | R90: 2.09 | S90: =Q90-R90 -> 10.41 | Z90: 10.41 | AQ90: =SUM(T90:AP90) -> 10.41 | AR90: =AQ90-S90 -> 0 | AS90: =Q90-R90-S90 -> 0
A91: 86 | B91: 31.03.23 | D91: Unity Bank | E91: Interest | G91: Interest | I91: 96.01 | P91: 96.01 | AQ91: =SUM(T91:AP91) -> 0 | AR91: =AQ91-S91 -> 0 | AS91: =Q91-R91-S91 -> 0
A92: 87 | B92: 29.03.23 | C92: BACS | D92: Severn C Products | E92: INV-7819 | F92: 202173167 | G92: Coronation souvenirs | P92: -1447.2 | Q92: 1447.2 | R92: 241.2 | S92: =Q92-R92 -> 1206 | AP92: 1206 | AQ92: =SUM(T92:AP92) -> 1206 | AR92: =AQ92-S92 -> 0 | AS92: =Q92-R92-S92 -> 0
A93: 88 | B93: 31.03.23 | D93: Unity Bank | G93: Bank charges | P93: -18 | Q93: 18 | R93: 0 | S93: =Q93-R93 -> 18 | AF93: 18 | AQ93: =SUM(T93:AP93) -> 18 | AR93: =AQ93-S93 -> 0 | AS93: =Q93-R93-S93 -> 0
H94: =SUM(H5:H93) -> 0 | I94: =SUM(I5:I93) -> 130.13 | J94: =SUM(J5:J93) -> 1464.22 | K94: =SUM(K5:K93) -> 50 | L94: =SUM(L5:L93) -> 59.39 | M94: =SUM(M5:M93) -> 18000 | N94: =SUM(N5:N93) -> 0 | O94: =SUM(O5:O93) -> 2270 | ... AN94: =SUM(AN5:AN93) -> 50 | AO94: =SUM(AO6:AO93) -> 143.95 | AP94: =SUM(AP6:AP93) -> 1206 | AQ94: =SUM(T94:AP94) -> 18914.82
AQ95: =AQ94-S94 -> 0 | AR95: Should be 0. Error if not.
J96: Reconciliation | P96: Cashbook | S96: =P94 -> 16829.84
P97: Unity Account | S97: 16710.13
P98: Unity Account | S98: 119.71
P99: Uncashed cheques/payments
P100: Bank minus uncashed | S100: =S97+S98+-S99 -> 16829.84 | T100: =S100-S96 -> 0

Sheet Spend against budget
A1: Chacombe Parish Council
A2: Accounts April 22 to 31 Mar 23
B3: 22-23 budget | C3: Spend to date | D3: Remaining budget | E3: Projected EOY spend | F3: 2023-24 Budget
A4: Lighting | B4: 650 | C4: ='Receipts and Payments'!T94 -> 347.35 | D4: =B4-C4 -> 302.65 | E4: =232.83+120 -> 352.83 | F4: 1000 | H4: RESERVES | I4: 2022/23 | J4: 2023/24
A5: Lighting - Repairs & Maintenance | B5: 500 | C5: ='Receipts and Payments'!U94 -> 0 | D5: =B5-C5 -> 500 | E5: 0 | F5: 500 | H5: General Reserves | I5: =13081-2000 -> 11081 | J5: =14500-1170 -> 13330
A6: Grass cutting | B6: 2200 | C6: ='Receipts and Payments'!V94 -> 1240 | D6: =B6-C6 -> 960 | E6: 1500 | F6: 2800 | H6: External audit | I6: 350 | J6: 250
A7: General Maintenance | B7: 2700 | C7: ='Receipts and Payments'!W94 -> 2719.82 | D7: =B7-C7 -> -19.82 | E7: 2711.48 | F7: 1000 | H7: Committed funds to local footpaths/bridleways | I7: 500 | J7: 500
A8: Dog Waste Bins | B8: 1250 | C8: ='Receipts and Payments'!X94 -> 1461.55 | D8: =B8-C8 -> -211.55 | E8: 1250 | F8: 1350 | H8: Berry Close - notional work (Volunteers) | I8: 1050 | J8: 1050
A9: Clerk's Salary | B9: 5450 | C9: ='Receipts and Payments'!Y94 -> 5807.93 | D9: =B9-C9 -> -357.93 | E9: =3847.17+1960.76 -> 5807.93 | F9: 6200 | H9: Thorpe Road car park resurfacing | I9: 1000 | J9: 2000 | K9: *04/04/22 vired £300 from reserves to clerk's expenses
A10: Clerk's Expenses/ Stationery | B10: 400 | C10: ='Receipts and Payments'!Z94 -> 413.33 | D10: =B10-C10 -> -13.33 | E10: =286.43+104+25 -> 415.43 | F10: =425 -> 425 | H10: Website upgrade | J10: 140 | K10: *06/06/22 vired £2k from General reserves to General Maintenance
A11: Chairman's Expenses | B11: 250 | C11: ='Receipts and Payments'!AA94 -> 15.59 | D11: =B11-C11 -> 234.41 | E11: 15.59 | F11: 250 | I11: =SUM(I5:I10) -> 13981 | J11: =SUM(J5:J10) -> 17270
A12: Training | B12: 400 | C12: ='Receipts and Payments'!AB94 -> 0 | D12: =B12-C12 -> 400 | E12: 0 | F12: 400
A13: Audit | B13: 450 | C13: ='Receipts and Payments'!AC94 -> 390 | D13: =B13-C13 -> 60 | E13: 390 | F13: 200
A14: Website | B14: 60 | C14: ='Receipts and Payments'!AD94 -> 39.99 | D14: =B14-C14 -> 20.01 | E14: 39.99 | F14: 60 | H14: 14 to 16 cuts per year
A15: Information and Communication | B15: 100 | C15: ='Receipts and Payments'!AE94 -> 0 | D15: =B15-C15 -> 100 | E15: 100 | F15: 100
A16: Membership Fees | B16: 500 | C16: ='Receipts and Payments'!AF94 -> 516.09 | D16: =B16-C16 -> -16.09 | E16: 480.09 | F16: 541
A17: Insurance | B17: 545 | C17: ='Receipts and Payments'!AG94 -> 421.92 | D17: =B17-C17 -> 123.08 | E17: 421.92 | F17: 500
A18: Donations - Administration S137 | B18: 100 | C18: ='Receipts and Payments'!AH94 -> 2192.55 | D18: =B18-C18 -> -2092.55 | E18: =893.55+1427 -> 2320.55 | F18: 100 | H18: Opening balance 22-23 | I18: -15721.23
A19: Village Hall Hire | B19: 200 | C19: ='Receipts and Payments'!AI94 -> 143 | D19: =B19-C19 -> 57 | E19: 150 | F19: 150 | H19: Projected spend 22-23 | I19: =E28 -> 19381.56
A20: Donations - Berry Close | B20: 700 | C20: ='Receipts and Payments'!AK94 -> 380.75 | D20: =B20-C20 -> 319.25 | E20: 380.75 | F20: 1100 | H20: Projected income 22-23 | I20: =-E39 -> -22002.61
A21: Grass cutting - Berry Close | B21: 1000 | C21: ='Receipts and Payments'!AL94 -> 490 | D21: =B21-C21 -> 510 | E21: 560 | F21: 1100 | H21: Projected end of year balance | I21: =I18+I19+I20 -> -18342.28
A22: Chacombe Chimes | B22: 950 | C22: ='Receipts and Payments'!AM94 -> 935 | D22: =B22-C22 -> 15 | E22: 950 | F22: 950 | H22: Budget requirement for 23-24 | I22: =F28 -> 20876
A23: Misc Donations | B23: 100 | C23: ='Receipts and Payments'!AN94 -> 50 | D23: =B23-C23 -> 50 | E23: 50 | F23: 100 | H23: Reserves required for 23-24 | I23: =J11 -> 17270
A24: Speed Reduction | B24: 0 | C24: ='Receipts and Payments'!AO94 -> 143.95 | D24: =B24-C24 -> -143.95 | E24: 143.95 | F24: 0 | H24: Expected income 23-24 | I24: =-F39 -> -1803.39
A25: Coronation Party | B25: 0 | C25: ='Receipts and Payments'!AP94 -> 1206 | D25: =B25-C25 -> -1206 | F25: 750 | H25: Precept demand for 23-24 | I25: =I21+I22+I23+I24 -> 18000.33
B26: 16205 | C26: =SUM(C4:C25) -> 18914.82 | D26: =B26-C26 -> -2709.82 | E26: =SUM(E4:E22) -> 17846.56 | F26: =SUM(F4:F25) -> 19576
A27: Total VAT Paid | C27: ='Receipts and Payments'!R94 -> 1950.31 | E27: =1250+285 -> 1535 | F27: 1300
A28: Total Spend to date | C28: =SUM(C26:C27) -> 20865.13 | E28: =SUM(E26:E27) -> 19381.56 | F28: =SUM(F26:F27) -> 20876
C30: Recd to date | D30: Recpts outstanding | E30: Projected EOY Income | F30: 2023-24 Income
A31: Misc | B31: 0 | C31: ='Receipts and Payments'!H94 -> 0 | D31: =B31-C31 -> 0
A32: Bank Interest | B32: 0 | C32: ='Receipts and Payments'!I94 -> 130.13 | D32: =B32-C32 -> -130.13
A33: VAT Refund | B33: 1880 | C33: ='Receipts and Payments'!J94 -> 1464.22 | D33: =B33-C33 -> 415.78 | E33: 1464.22 | F33: 1535
A34: Allotments | B34: 50 | C34: ='Receipts and Payments'!K94 -> 50 | D34: =B34-C34 -> 0 | E34: 50 | F34: 50
A35: Wayleave | B35: 60 | C35: ='Receipts and Payments'!L94 -> 59.39 | D35: =B35-C35 -> 0.61 | E35: 59.39 | F35: 59.39
A36: Precept | B36: 18000 | C36: ='Receipts and Payments'!M94 -> 18000 | D36: =B36-C36 -> 0 | E36: 18000
A37: Mowing Allowance | B37: 159 | C37: ='Receipts and Payments'!N94 -> 0 | D37: =B37-C37 -> 159 | E37: 159 | F37: 159
A38: Grants | B38: 0 | C38: ='Receipts and Payments'!O94 -> 2270 | D38: =B38-C38 -> -2270 | E38: 2270 | F38: 0
B39: =SUM(B31:B38) -> 20149 | C39: =SUM(C31:C38) -> 21973.74 | D39: =SUM(D31:D38) -> -1824.74 | E39: =SUM(E31:E38) -> 22002.61 | F39: =SUM(F31:F38) -> 1803.39
